PAA
ASHEVILLE HIGHLANDERS @ SUN PRAIRIE SWALLOWS
07/18/2025
 
TOP OF THE 1ST
Asheville Highlanders batting - Pitching for Sun Prairie Swallows : RHP Javier Luna
Pitching: RHP Javier Luna
Batting: SHB Gonzalo Valentín 0-0: Called Strike
0-1: Ball
1-1: Fly out, F9 (Flyball, 9LS)
Batting: RHB Jan Gosselin 0-0: Ball
1-0: Ground out 5-3 (Groundball, 56S)
Batting: RHB Ed Lastinger 0-0: Ground out U3 (Groundball, 3)
Top of the 1st over - 0 run(s), 0 hit(s), 0 error(s), 0 left on base; Asheville 0 - Sun Prairie 0
BOTTOM OF THE 1ST
Sun Prairie Swallows batting - Pitching for Asheville Highlanders : RHP Jim Unknown
Pitching: RHP Jim Unknown
Batting: RHB José Silva 0-0: Ball
1-0: Ball
2-0: Called Strike
2-1: Ball
3-1: Foul Ball, location: 2F
3-2: Base on Balls
Batting: RHB Ghislain Vespucci 0-0: Ball
1-0: Foul Ball, location: 2F
1-1: Ball
2-1: Foul Ball, location: 2F
2-2: Fly out, F6 (Line Drive, 56)
Batting: RHB Luis Hernández 0-0: Ball
1-0: Fly out, F9 (Flyball, 9LM)
Batting: LHB Carlos Garza 0-0: Ball
1-0: SINGLE (Line Drive, 8LS)
José Silva to second
Batting: RHB Matías Torrella 0-0: Called Strike
0-1: Foul Ball, location: 2F
0-2: Strikes out swinging
Bottom of the 1st over - 0 run(s), 1 hit(s), 0 error(s), 2 left on base; Asheville 0 - Sun Prairie 0
TOP OF THE 2ND
Asheville Highlanders batting - Pitching for Sun Prairie Swallows : RHP Javier Luna
Batting: LHB Carlos Rodríguez 0-0: Ball
1-0: Ground out 6-3 (Groundball, 6)
Batting: RHB Moisés Quintana 0-0: Foul Ball, location: 2F
0-1: Called Strike
0-2: Fly out, F7 (Line Drive, 7)
Batting: SHB Javier Luna 0-0: Called Strike
0-1: Foul Ball, location: 2F
0-2: Foul Ball, location: 2F
0-2: Ball
1-2: Ball
2-2: Foul Ball, location: 2F
2-2: Ball
3-2: SINGLE (Line Drive, 8RS)
Batting: RHB Paco Vásquez 0-0: Ball
1-0: Ball
2-0: Foul Ball, location: 2F
2-1: Ball
3-1: Base on Balls
Javier Luna to second
Batting: SHB Alejandro Castillo 0-0: Ball
1-0: Foul Ball, location: 2F
1-1: Foul Ball, location: 2F
1-2: Ball
2-2: SINGLE (Line Drive, 6MD)
Javier Luna to third
Paco Vásquez to second
Runner from 3rd tries for Home, SAFE, no throw
Batting: RHB Héctor Gallegos 0-0: Ball
1-0: Called Strike
1-1: Ball
2-1: Swinging Strike
2-2: Fielders Choice at 2nd, 5-4 (Groundball, 5)
Top of the 2nd over - 1 run(s), 2 hit(s), 0 error(s), 1 left on base; Asheville 1 - Sun Prairie 0
BOTTOM OF THE 2ND
Sun Prairie Swallows batting - Pitching for Asheville Highlanders : RHP Jim Unknown
Batting: RHB Alfonso López 0-0: Ball
1-0: Ground out 5-3 (Groundball, 56)
Batting: RHB Scott Forrest 0-0: Swinging Strike
0-1: Ball
1-1: Ball
2-1: Foul Ball, location: 2F
2-2: Strikes out swinging
Batting: RHB Dan Hart 0-0: Foul Ball, location: 2F
0-1: Called Strike
0-2: Strikes out swinging
Bottom of the 2nd over - 0 run(s), 0 hit(s), 0 error(s), 0 left on base; Asheville 1 - Sun Prairie 0
TOP OF THE 3RD
Asheville Highlanders batting - Pitching for Sun Prairie Swallows : RHP Javier Luna
Batting: SHB Gonzalo Valentín 0-0: Called Strike
0-1: Ball
1-1: Ball
2-1: SOLO HOME RUN (Flyball, 9D), Distance : 387 ft
Batting: RHB Jan Gosselin 0-0: Ground out 6-3 (Groundball, 6)
Batting: RHB Ed Lastinger 0-0: Ball
1-0: Ball
2-0: DOUBLE (Line Drive, 7LM)
Batting: LHB Carlos Rodríguez 0-0: Fly out, F7 (Flyball, 7LSF)
Batting: RHB Moisés Quintana 0-0: Ball
1-0: Called Strike
1-1: Foul Ball, location: 2F
1-2: Ball
2-2: Ball
3-2: Base on Balls
Batting: SHB Javier Luna 0-0: Called Strike
0-1: Foul Ball, location: 2F
0-2: Fielders Choice at 2nd, 4-6 (Groundball, 4)
Top of the 3rd over - 1 run(s), 2 hit(s), 0 error(s), 1 left on base; Asheville 2 - Sun Prairie 0
BOTTOM OF THE 3RD
Sun Prairie Swallows batting - Pitching for Asheville Highlanders : RHP Jim Unknown
Batting: RHB Darby Carveth 0-0: Fly out, F7 (Flyball, 78M)
Batting: RHB José Silva 0-0: Ball
1-0: Ball
2-0: Ground out 4-3 (Groundball, 4)
Batting: RHB Ghislain Vespucci 0-0: Foul Ball, location: 2F
0-1: Foul Ball, location: 2F
0-2: Ball
1-2: Ground out 5-3 (Groundball, 56)
Bottom of the 3rd over - 0 run(s), 0 hit(s), 0 error(s), 0 left on base; Asheville 2 - Sun Prairie 0
TOP OF THE 4TH
Asheville Highlanders batting - Pitching for Sun Prairie Swallows : RHP Javier Luna
Batting: RHB Paco Vásquez 0-0: Ball
1-0: Ground out 5-3 (Groundball, 56S)
Batting: SHB Alejandro Castillo 0-0: Called Strike
0-1: Ball
1-1: Fly out, F8 (Flyball, 8RD)
Batting: RHB Héctor Gallegos 0-0: SINGLE (Groundball, 23) (infield hit)
Batting: SHB Gonzalo Valentín 0-0: Ball
1-0: Ball
2-0: Ball
3-0: Called Strike
3-1: Called Strike
3-2: Strikes out swinging
Top of the 4th over - 0 run(s), 1 hit(s), 0 error(s), 1 left on base; Asheville 2 - Sun Prairie 0
BOTTOM OF THE 4TH
Sun Prairie Swallows batting - Pitching for Asheville Highlanders : RHP Jim Unknown
Batting: RHB Luis Hernández 0-0: Swinging Strike
0-1: Called Strike
0-2: Foul Ball, location: 2F
0-2: Ball
1-2: Foul Ball, location: 2F
1-2: Ball
2-2: Strikes out looking
Batting: LHB Carlos Garza 0-0: Ball
1-0: Ball
2-0: Foul Ball, location: 2F
2-1: Called Strike
2-2: Foul Ball, location: 2F
2-2: Ball
3-2: Foul Ball, location: 2F
3-2: Base on Balls
Batting: RHB Matías Torrella 0-0: Called Strike
Carlos Garza steals 2nd base
0-1: SINGLE (Groundball, 56S) (infield hit)
Carlos Garza to third
Batting: RHB Alfonso López 0-0: Called Strike
0-1: Called Strike
0-2: Reached on error, E5 (Groundball, 56)
Carlos Garza scores
Matías Torrella to second
Batting: RHB Scott Forrest 0-0: Foul Ball, location: 2F
0-1: Called Strike
0-2: Strikes out looking
Batting: RHB Dan Hart 0-0: Fly out, F9 (Flyball, 9S)
Bottom of the 4th over - 1 run(s), 1 hit(s), 1 error(s), 2 left on base; Asheville 2 - Sun Prairie 1
TOP OF THE 5TH
Asheville Highlanders batting - Pitching for Sun Prairie Swallows : RHP Javier Luna
Batting: RHB Jan Gosselin 0-0: Ball
1-0: Foul Ball, location: 2F
1-1: Ball
2-1: Foul Ball, location: 2F
2-2: Ball
3-2: DOUBLE (Groundball, 5L)
Batting: RHB Ed Lastinger 0-0: Called Strike
0-1: Foul Ball, location: 2F
0-2: Foul Ball, location: 2F
0-2: DOUBLE (Line Drive, 89M)
Jan Gosselin scores
Batting: LHB Carlos Rodríguez 0-0: Ball
1-0: Foul Ball, location: 2F
1-1: Ball
2-1: Foul Ball, location: 2F
2-2: Foul Ball, location: 2F
2-2: Ball
3-2: Strikes out looking
Batting: RHB Moisés Quintana 0-0: Intentional Walk
Batting: SHB Javier Luna 0-0: Ball
1-0: Ball
2-0: Foul Ball, location: 2F
2-1: Grounds into double play, 1-6-3 (Groundball, 13S)
Top of the 5th over - 1 run(s), 2 hit(s), 0 error(s), 1 left on base; Asheville 3 - Sun Prairie 1
BOTTOM OF THE 5TH
Sun Prairie Swallows batting - Pitching for Asheville Highlanders : RHP Jim Unknown
Batting: RHB Darby Carveth 0-0: Ball
1-0: Foul Ball, location: 2F
1-1: Ball
2-1: Ball
3-1: Swinging Strike
3-2: Foul Ball, location: 2F
3-2: Foul Ball, location: 2F
3-2: Foul Ball, location: 2F
3-2: Strikes out swinging
Batting: RHB José Silva 0-0: Called Strike
0-1: Called Strike
0-2: Ball
1-2: Foul Ball, location: 2F
1-2: Ball
2-2: Strikes out swinging
Batting: RHB Ghislain Vespucci 0-0: Foul Ball, location: 2F
0-1: Ball
1-1: Ball
2-1: Fly out, F9 (Line Drive, 9)
Bottom of the 5th over - 0 run(s), 0 hit(s), 0 error(s), 0 left on base; Asheville 3 - Sun Prairie 1
TOP OF THE 6TH
Asheville Highlanders batting - Pitching for Sun Prairie Swallows : RHP Javier Luna
Batting: RHB Paco Vásquez 0-0: Ball
1-0: Swinging Strike
1-1: Ball
2-1: Foul Ball, location: 2F
2-2: DOUBLE (Line Drive, 89D)
Batting: SHB Alejandro Castillo 0-0: Called Strike
0-1: SINGLE (Flyball, 4D)
Paco Vásquez to third
Batting: RHB Héctor Gallegos 0-0: DOUBLE (Line Drive, 78D)
Paco Vásquez scores
Alejandro Castillo to third
Batting: SHB Gonzalo Valentín 0-0: Ground out 4-3 (Groundball, 4S)
Alejandro Castillo scores
Héctor Gallegos to third
Batting: RHB Jan Gosselin 0-0: Intentional Walk
Pitching: RHP Abel Blok
Batting: RHB Ed Lastinger 0-0: Called Strike
0-1: Foul Ball, location: 2F
0-2: Foul Ball, location: 2F
0-2: Ground out 5-3 (Groundball, 56)
Héctor Gallegos scores
Jan Gosselin to second
Batting: LHB Carlos Rodríguez 0-0: Ball
1-0: Called Strike
1-1: Ground out 6-3 (Groundball, 6S)
Top of the 6th over - 3 run(s), 3 hit(s), 0 error(s), 1 left on base; Asheville 6 - Sun Prairie 1
BOTTOM OF THE 6TH
Sun Prairie Swallows batting - Pitching for Asheville Highlanders : RHP Jim Unknown
Batting: RHB Luis Hernández 0-0: Called Strike
0-1: Ball
1-1: Fly out, F4 (Line Drive, 4M)
Batting: LHB Carlos Garza 0-0: Called Strike
0-1: SINGLE (Groundball, 34D)
Batting: RHB Matías Torrella 0-0: Ball
1-0: Called Strike
1-1: Called Strike
1-2: Foul Ball, location: 2F
1-2: Foul Ball, location: 2F
1-2: Foul Ball, location: 2F
1-2: Ball
2-2: Ball
3-2: Fly out, F7 (Flyball, 7)
Batting: RHB Alfonso López 0-0: Called Strike
0-1: Ball
1-1: Ball
2-1: Foul Ball, location: 2F
2-2: Fly out, F8 (Flyball, 89M)
Bottom of the 6th over - 0 run(s), 1 hit(s), 0 error(s), 1 left on base; Asheville 6 - Sun Prairie 1
TOP OF THE 7TH
Asheville Highlanders batting - Pitching for Sun Prairie Swallows : RHP Abel Blok
Batting: RHB Moisés Quintana 0-0: Ball
1-0: Ball
2-0: Ball
3-0: Called Strike
3-1: Base on Balls
Batting: SHB Javier Luna 0-0: Foul Ball, location: 2F
0-1: Called Strike
0-2: Strikes out swinging
Batting: RHB Paco Vásquez 0-0: Ball
1-0: Foul Ball, location: 2F
1-1: Foul Ball, location: 2F
1-2: Ball
2-2: Strikes out swinging
Batting: SHB Alejandro Castillo 0-0: Called Strike
0-1: Foul Ball, location: 2F
0-2: Ball
1-2: Fly out, F8 (Flyball, 8LD)
Top of the 7th over - 0 run(s), 0 hit(s), 0 error(s), 1 left on base; Asheville 6 - Sun Prairie 1
BOTTOM OF THE 7TH
Sun Prairie Swallows batting - Pitching for Asheville Highlanders : RHP Jim Unknown
Batting: RHB Scott Forrest 0-0: Foul Ball, location: 2F
0-1: Swinging Strike
0-2: Strikes out swinging
Batting: RHB Dan Hart 0-0: Hit by Pitch
Batting: RHB Darby Carveth 0-0: SINGLE (Flyball, 8LS)
Dan Hart to second
Batting: RHB José Silva 0-0: Called Strike
0-1: Swinging Strike
0-2: Ball
1-2: Ball
2-2: Ball
3-2: Strikes out swinging
Batting: RHB Ghislain Vespucci 0-0: Swinging Strike
0-1: Ball
1-1: Fly out, F9 (Flyball, 9)
Bottom of the 7th over - 0 run(s), 1 hit(s), 0 error(s), 2 left on base; Asheville 6 - Sun Prairie 1
TOP OF THE 8TH
Asheville Highlanders batting - Pitching for Sun Prairie Swallows : RHP Abel Blok
Batting: RHB Héctor Gallegos 0-0: DOUBLE (Groundball, 5L)
Batting: SHB Gonzalo Valentín 0-0: Ball
1-0: Called Strike
1-1: Ball
2-1: DOUBLE (Line Drive, 7LM)
Héctor Gallegos scores
Batting: RHB Jan Gosselin 0-0: Called Strike
0-1: Ball
1-1: Foul Ball, location: 2F
1-2: Strikes out looking
Batting: RHB Ed Lastinger 0-0: DOUBLE (Line Drive, 78M)
Gonzalo Valentín scores
Pitching: RHP Horacio Pérez
Batting: LHB Carlos Rodríguez 0-0: Foul Ball, location: 2F
0-1: Ball
1-1: Ball
2-1: Ball
3-1: Ground out 4-3 (Groundball, 34D)
Ed Lastinger to third
Batting: RHB Moisés Quintana 0-0: Swinging Strike
0-1: Swinging Strike
0-2: Ball
1-2: Ball
2-2: Foul Ball, location: 2F
2-2: Ball
3-2: Strikes out swinging
Top of the 8th over - 2 run(s), 3 hit(s), 0 error(s), 1 left on base; Asheville 8 - Sun Prairie 1
BOTTOM OF THE 8TH
Sun Prairie Swallows batting - Pitching for Asheville Highlanders : RHP Jim Unknown
Batting: RHB Luis Hernández 0-0: Called Strike
0-1: Ball
1-1: Ball
2-1: Foul Ball, location: 2F
2-2: SINGLE (Flyball, 89S)
Pitching: LHP Joaquín Ramírez
Batting: LHB Carlos Garza 0-0: Called Strike
0-1: Ball
1-1: DOUBLE (Line Drive, 7LM)
Luis Hernández to third
Batting: RHB Matías Torrella 0-0: Called Strike
0-1: Ground out 3-1 (Groundball, 34S)
Luis Hernández scores
Carlos Garza to third
Batting: RHB Alfonso López 0-0: Ball
1-0: Called Strike
Steal of home, Carlos Garza is safe
1-1: SINGLE (Groundball, 6MD)
Batting: RHB Scott Forrest 0-0: Ball
1-0: Foul Ball, location: 2F
1-1: Ball
2-1: Ball
3-1: Base on Balls
Alfonso López to second
Batting: RHB Dan Hart 0-0: Fielders Choice at 3rd, U5 (Groundball, 5L)
Scott Forrest to second
Batting: RHB Darby Carveth 0-0: Fly out, F7 (Line Drive, 7S)
Bottom of the 8th over - 2 run(s), 3 hit(s), 0 error(s), 2 left on base; Asheville 8 - Sun Prairie 3
TOP OF THE 9TH
Asheville Highlanders batting - Pitching for Sun Prairie Swallows : RHP Horacio Pérez
Pitching: RHP Kyle MacRae
Batting: SHB Javier Luna 0-0: Foul Ball, location: 2F
0-1: Called Strike
0-2: Ball
1-2: Strikes out swinging
Batting: RHB Paco Vásquez 0-0: Ball
1-0: Ball
2-0: Called Strike
2-1: Ball
3-1: Base on Balls
Batting: SHB Alejandro Castillo 0-0: Ball
1-0: Ground out U3 (Groundball, 34S)
Paco Vásquez to second
Batting: RHB Héctor Gallegos 0-0: Ball
1-0: Called Strike
1-1: SINGLE (Groundball, 56) (infield hit)
Paco Vásquez to third
Batting: SHB Gonzalo Valentín 0-0: Ball
1-0: Ball
2-0: Called Strike
2-1: Swinging Strike
2-2: Ball
3-2: Foul Ball, location: 2F
3-2: SINGLE (Groundball, 34D)
Paco Vásquez scores
Héctor Gallegos to second
Héctor Gallegos to third
Batting: RHB Jan Gosselin 0-0: Called Strike
0-1: Called Strike
0-2: Ball
1-2: Ball
2-2: Strikes out looking
Top of the 9th over - 1 run(s), 2 hit(s), 0 error(s), 2 left on base; Asheville 9 - Sun Prairie 3
BOTTOM OF THE 9TH
Sun Prairie Swallows batting - Pitching for Asheville Highlanders : LHP Joaquín Ramírez
Batting: RHB José Silva 0-0: Called Strike
0-1: Ground out 4-3 (Groundball, 4)
Batting: RHB Ghislain Vespucci 0-0: Called Strike
0-1: Ball
1-1: Ball
2-1: Fly out, F4 (Line Drive, 4)
Batting: RHB Luis Hernández 0-0: SOLO HOME RUN (Flyball, 7D), Distance : 414 ft
Pitching: RHP Jim Unknown
Batting: LHB Carlos Garza 0-0: Ball
1-0: SINGLE (Flyball, 78S)
Batting: RHB Matías Torrella 0-0: Ball
1-0: Ball
2-0: Ball
3-0: Called Strike
3-1: Fielders Choice at 2nd, 6-4 (Groundball, 6)
Bottom of the 9th over - 1 run(s), 2 hit(s), 0 error(s), 0 left on base; Asheville 9 - Sun Prairie 4
Friday, December 30th, 2016 - OOTP Baseball 17.12 Build 75